 Dungeon Crawl Stone Soup version 0.29.1-13-g9f3cf754e1 (webtiles) character file.

Game seed: 9026339581277468214

147 sweetbreads the Digger (level 5, -6/28 HPs)
             Began as a Gargoyle Earth Elementalist on Jan 24, 2023.
             Killed from afar by an orc wizard (7 damage)
             ... with a puff of flame
             ... on level 3 of the Dungeon.
             The game lasted 00:08:53 (2059 turns).

sweetbreads the Digger (GrEE)                       Turns: 2059, Time: 00:08:54

Health: -6/28      AC:  6    Str: 11    XL:     5   Next: 29%
Magic:  1/8        EV: 12    Int: 18    God:
Gold:   103        SH:  0    Dex: 10    Spells: 4/8 levels left

rFire   . . .      SeeInvis .   a - +0 club
rCold   . . .      Faith    .   (no shield)
rNeg    + . .      Spirit   .   j - +0 robe
rPois   ∞          Reflect  .   (no helmet)
rElec   +          Harm     .   (no cloak)
rCorr   .          Rampage  .   (no gloves)
Will    .....                   (no boots)
Stlth   +.........              (no amulet)
HPRegen 0.09/turn               (no ring)
MPRegen 0.11/turn               (no ring)

@: confused
A: sickness immunity, AC +4, negative energy resistance 1, electricity
resistance, torment resistance 1, petrification resistance
a: no special abilities


You were on level 3 of the Dungeon.
You visited 1 branch of the dungeon, and saw 4 of its levels.

You collected 103 gold pieces.

Inventory:

Hand Weapons
 a - a +0 club (weapon)
 g - a +0 whip
Missiles
 n - 4 poisoned darts
Armour
 j - a +0 robe (worn)
Magical Staves
 m - a staff of fire
Jewellery
 i - a ring of ice
Scrolls
 c - a scroll of poison {unknown}
 e - 3 scrolls of identify {unknown}
 p - a scroll of torment {unknown}
 q - 2 scrolls of magic mapping {unknown}
 r - a scroll of enchant armour {unknown}
 s - a scroll of fog {unknown}
 t - a scroll of brand weapon {unknown}
Potions
 b - a potion of magic
 d - 2 potions of lignification {unknown}
 f - 2 potions of resistance {unknown}
 h - 2 potions of curing {unknown}
 k - a potion of berserk rage {unknown}
 l - 2 potions of degeneration {unknown}
 o - a potion of heal wounds {unknown}


   Skills:
 - Level 2.0 Dodging
 * Level 3.3 Stealth
 - Level 2.0 Spellcasting
 * Level 1.5 Conjurations
 - Level 0.7 Transmutations
 + Level 5.9 Earth Magic


You had 4 spell levels left.
You knew the following spells:

 Your Spells              Type           Power      Damage    Failure   Level
a - Sandblast             Erth           46%        2d11      1%          1
b - Stone Arrow           Conj/Erth      30%        3d8       12%         3

Your spell library contained the following spells:

 Spells                   Type           Power      Damage    Failure   Level
 Passwall                 Tmut/Erth      10%        N/A       7%          2
 Petrify                  Tmut/Erth      13%        N/A       43%         4


Dungeon Overview and Level Annotations

Branches:
Dungeon (4/15)
 Temple: D:4-7

Altars:


Innate Abilities, Weirdness & Mutations

You are immune to sickness and miasma.
Your stone body is resilient. (AC +4)
You are immune to poison.
You resist negative energy. (rN+)
You are resistant to electric shocks. (rElec)
You are resistant to unholy torment.
You are immune to petrification.


Message History

You hear some strange, mumbled words.
A magic dart appears from out of thin air!
The magic dart hits you.
Unknown command.
Casting: Sandblast (safe; 1% risk of failure)
Confirm with . or Enter, or press ? or * to list all spells.
You can't see any susceptible monsters within range! (Use Z to cast anyway.)
Casting: Sandblast (safe; 1% risk of failure)
Confirm with . or Enter, or press ? or * to list all spells.
Aiming: Sandblast (safe; 1% risk of failure)
Press: ? - help, Shift-Dir - straight line The blast of sand hits something.
Something hits you but does no damage. Something hits you.
Casting: Sandblast (safe; 1% risk of failure)
Confirm with . or Enter, or press ? or * to list all spells.
Aiming: Sandblast (safe; 1% risk of failure)
Press: ? - help, Shift-Dir - straight line The blast of sand hits something.
Something hits you.
* * * LOW HITPOINT WARNING * * *
Unknown command.
Casting: Sandblast (safe; 1% risk of failure)
Confirm with . or Enter, or press ? or * to list all spells.
Aiming: Sandblast (safe; 1% risk of failure)
Press: ? - help, Shift-Dir - straight line You hear some strange, mumbled words.
You are confused.
You hear some strange, mumbled words.
A magic dart appears from out of thin air!
The magic dart hits you.
* * * LOW HITPOINT WARNING * * *
Your magical contamination has completely faded away.
Unknown command.
You're too confused to cast spells.
Sorry, you're not good enough to have a special ability.
You bump into the rock wall.
Something hits you but does no damage.
You closely miss something.
You hear some strange, mumbled words.
A puff of flame appears from out of thin air!
The puff of flame hits you!
You die...

. #.. # .## #.# .#
#.## #>#####.# #..#
#.......# ...#
#..#..#.# #..#
#..#..#.## #..#
#.........
#.#####.#.##.#
#...{@....# #
#.)####).....#
#.######....#########
#........##.#
.......#.# .#
.......#.# .
.......#.# .#
..###..#.# # . #.....


There were no monsters in sight!

Vanquished Creatures
  An orc priest (D:3)
  A hound (D:4)
  4 gnolls (D:2)
  A dart slug (D:2)
  An orc (D:3)
  5 endoplasms
  4 giant cockroaches (D:1)
  3 goblins (D:1)
  6 hobgoblins
  4 jackals (D:4)
  3 kobolds
  4 ball pythons
  2 bats
  2 frilled lizards (D:2)
  6 rats
47 creatures vanquished.

Notes
Turn   | Place    | Note
-------+----------+-------------------------------------------
     0 | D:1      | sweetbreads the Gargoyle Earth Elementalist began the quest
                  | for the Orb.
     0 | D:1      | Reached XP level 1. HP: 10/10 MP: 3/3
   291 | D:2      | Reached skill level 4 in Earth Magic
   291 | D:2      | Reached XP level 2. HP: 14/15 MP: 3/5
  1039 | D:1      | Found a faded altar of an unknown god.
  1134 | D:2      | Reached XP level 3. HP: 19/19 MP: 2/6
  1140 | D:2      | Learned a level 3 spell: Stone Arrow
  1757 | D:2      | Reached XP level 4. HP: 22/24 MP: 1/7
  1788 | D:2      | Reached skill level 5 in Earth Magic
  1797 | D:2      | Reached skill level 1 in Conjurations
  1823 | D:2      | You fall into a shaft and drop 2 floors!
  1941 | D:4      | Reached XP level 5. HP: 19/28 MP: 0/8
  2056 | D:3      | HP: 1/28 [something/magic dart (6)]
  2059 | D:3      | Killed from afar by an orc wizard

Illustrated notes

Levels and vault maps discovered:
D:1:      dpeg_arrival_water_temple_mockup, layout_basic,
          serial_co_window_serial, co_window_paths_a, co_window_paths_a,
          co_window_corner_a, co_window_paths_a, co_window_corner_a,
          co_window_2corner, co_window_broadway_c, co_window_broadway_c,
          co_window_cross_4, co_window_corner_b, co_window_4corner_a,
          glass_columns_a, ebering_ecumenical_altar_hall, minmay_tetromino_t4
D:2:      layout_loops_ring, kennysheep_generic_room_8
D:3:      layout_loops_cross, general_overflow_altar, nrook_mini_backslash
D:4:      minmay_thinvault, layout_basic, nicolae_elyvilon_temple_path,
          minmay_temple_entry_enclosed_plants

Skill      XL: |  1  2  3  4 |
---------------+-------------+-----
Earth Magic    | 4 5 |  5.9
Dodging        | 2 |  2.0
Stealth        | 3 |  3.3
Conjurations   | 1 |  1.5
Spellcasting   | |  2.0
Transmutations | |  0.7

Action                   |  1- 3 |  4- 6 || total
-------------------------+-------+-------++-------
Melee: Unarmed           |     5 |       ||     5
       Club              |       |     6 ||     6
 Cast: Sandblast         |    50 |    25 ||    75
Armor: Robe              |     7 |     4 ||    11
Dodge: Dodged            |    23 |    23 ||    46
